NCAA
ALABAMA CRIMSON TIDE @ WEST VIRGINIA MOUNTAINEERS
05/13/2025
 
TOP OF THE 1ST
Alabama Crimson Tide batting - Pitching for West Virginia Mountaineers : RHP Mitch Boden
Pitching: RHP Mitch Boden
Batting: SHB Jorge Dávila 0-0: Ball
1-0: Bunt missed!
1-1: DOUBLE (Line Drive, 8LXD)
Batting: LHB Jorge Cuero 0-0: Ball
1-0: Reached on error, E5 (Groundball, 56)
Jorge Dávila to third
Batting: LHB Davey Davis 0-0: Ball
1-0: Reached on error, E4 (Groundball, 34)
Jorge Dávila scores
Jorge Cuero to second
Batting: RHB Bob Johnson 0-0: Called Strike
0-1: Swinging Strike
0-2: Strikes out swinging
Batting: LHB Fred Abrams 0-0: Called Strike
0-1: Foul Ball, location: 2F
0-2: Ball
1-2: Ball
2-2: Ground out 3-1 (Groundball, 34)
Jorge Cuero to third
Davey Davis to second
Batting: RHB Stephen Nava 0-0: Called Strike
0-1: Swinging Strike
0-2: Ball
1-2: Ball
2-2: Strikes out swinging
Top of the 1st over - 1 run(s), 1 hit(s), 2 error(s), 2 left on base; Alabama 1 - West Virginia 0
BOTTOM OF THE 1ST
West Virginia Mountaineers batting - Pitching for Alabama Crimson Tide : RHP Kip Coleman
Pitching: RHP Kip Coleman
Batting: RHB Howard Gould 0-0: Called Strike
0-1: Ball
1-1: Ball
2-1: Ball
3-1: Foul Ball, location: 2F
3-2: Foul Ball, location: 2F
3-2: Foul Ball, location: 2F
3-2: Ground out 6-3 (Groundball, 6M)
Batting: RHB Drew Logan 0-0: Ball
1-0: Fly out, F9 (Flyball, 9LMF)
Batting: RHB Paul Rainford 0-0: Called Strike
0-1: Ball
1-1: Ball
2-1: Ball
3-1: Foul Ball, location: 2F
3-2: Strikes out swinging
Bottom of the 1st over - 0 run(s), 0 hit(s), 0 error(s), 0 left on base; Alabama 1 - West Virginia 0
TOP OF THE 2ND
Alabama Crimson Tide batting - Pitching for West Virginia Mountaineers : RHP Mitch Boden
Batting: RHB Curt Marks 0-0: Ball
1-0: Foul Ball, location: 2F
1-1: Ground out 1-3 (Groundball, 13S)
Batting: LHB Clayton Bailey 0-0: Ball
1-0: Ball
2-0: Swinging Strike
2-1: Ball
3-1: Base on Balls
Batting: RHB Paco González 0-0: Ball
1-0: Called Strike
1-1: Fly out, F6 (Popup, 6M)
Batting: SHB Jorge Dávila 0-0: Swinging Strike
0-1: Ball
1-1: Foul Ball, location: 2F
1-2: Foul Ball, location: 2F
1-2: Foul Ball, location: 2F
1-2: Strikes out swinging
Top of the 2nd over - 0 run(s), 0 hit(s), 0 error(s), 1 left on base; Alabama 1 - West Virginia 0
BOTTOM OF THE 2ND
West Virginia Mountaineers batting - Pitching for Alabama Crimson Tide : RHP Kip Coleman
Batting: SHB Jonathan Woodard 0-0: Ball
1-0: Called Strike
1-1: Swinging Strike
1-2: Foul Ball, location: 2F
1-2: Ball
2-2: Strikes out swinging
Batting: RHB Elvis Bingham 0-0: Ball
1-0: Foul Ball, location: 2F
1-1: Fly out, F8 (Flyball, 8RXD)
Batting: RHB Gary Stephenson 0-0: Ball
1-0: Called Strike
1-1: Ball
2-1: Ball
3-1: Base on Balls
Batting: LHB Wilson Ramos 0-0: Called Strike
0-1: Ball
1-1: Swinging Strike
1-2: Strikes out looking
Bottom of the 2nd over - 0 run(s), 0 hit(s), 0 error(s), 1 left on base; Alabama 1 - West Virginia 0
TOP OF THE 3RD
Alabama Crimson Tide batting - Pitching for West Virginia Mountaineers : RHP Mitch Boden
Batting: LHB Jorge Cuero 0-0: Ball
1-0: Ball
2-0: Ball
3-0: Called Strike
3-1: Foul Ball, location: 2F
3-2: SINGLE (Groundball, 4MD)
Batting: LHB Davey Davis 0-0: Ball
1-0: Foul Ball, location: 2F
1-1: Fly out, F6 (Popup, 6MD)
Batting: RHB Bob Johnson 0-0: Called Strike
0-1: Ball
1-1: Fly out, F9 (Flyball, 9M)
Batting: LHB Fred Abrams 0-0: Called Strike
0-1: Ground out 3-1 (Groundball, 3L)
Top of the 3rd over - 0 run(s), 1 hit(s), 0 error(s), 1 left on base; Alabama 1 - West Virginia 0
BOTTOM OF THE 3RD
West Virginia Mountaineers batting - Pitching for Alabama Crimson Tide : RHP Kip Coleman
Batting: RHB José Vázquez 0-0: Ball
1-0: Swinging Strike
1-1: Foul Ball, location: 2F
1-2: Foul Ball, location: 2F
1-2: Ground out 6-3 (Groundball, 6)
Batting: RHB Luis Costa 0-0: Called Strike
0-1: Ball
1-1: Swinging Strike
1-2: Ball
2-2: Ball
3-2: Base on Balls
Batting: RHB Howard Gould 0-0: Ball
1-0: Called Strike
1-1: Ball
2-1: Called Strike
2-2: Fly out, F7 (Line Drive, 7S)
Batting: RHB Drew Logan 0-0: Called Strike
Luis Costa is caught stealing 2nd base
Bottom of the 3rd over - 0 run(s), 0 hit(s), 0 error(s), 0 left on base; Alabama 1 - West Virginia 0
TOP OF THE 4TH
Alabama Crimson Tide batting - Pitching for West Virginia Mountaineers : RHP Mitch Boden
Batting: RHB Stephen Nava 0-0: Ball
1-0: Ball
2-0: Ball
3-0: Base on Balls
Batting: RHB Curt Marks 0-0: Ball
1-0: Ball
2-0: Foul Ball, location: 2F
2-1: Ball
3-1: Base on Balls
Stephen Nava to second
Batting: LHB Clayton Bailey 0-0: Ball
1-0: Foul Ball, location: 2F
1-1: Called Strike
1-2: Foul Ball, location: 2F
1-2: Ball
2-2: Foul Ball, location: 2F
2-2: Foul Ball, location: 2F
2-2: SINGLE (Groundball, 2R) (infield hit)
Stephen Nava to third
Curt Marks to second
Batting: RHB Paco González 0-0: Fly out, F8 (Flyball, 8LM)
Throwing error, E8
Stephen Nava scores
Curt Marks to third
Clayton Bailey to second
Batting: SHB Jorge Dávila 0-0: Ball
1-0: Foul Ball, location: 2F
1-1: Ball
2-1: Ball
3-1: Base on Balls
Batting: LHB Jorge Cuero 0-0: Called Strike
0-1: Ball
1-1: Ball
2-1: Foul Ball, location: 2F
2-2: Ball
3-2: Base on Balls
Curt Marks scores
Clayton Bailey to third
Jorge Dávila to second
Pitching: RHP Luther Causey
Batting: LHB Davey Davis 0-0: Called Strike
0-1: Ground out 4-3 (Groundball, 4M)
Clayton Bailey scores
Jorge Dávila to third
Jorge Cuero to second
Batting: RHB Bob Johnson 0-0: Called Strike
0-1: Called Strike
0-2: Ball
1-2: 3-RUN HOME RUN (Line Drive, 78XD), Distance : 390 ft
Batting: LHB Fred Abrams 0-0: Foul Ball, location: 2F
0-1: Fly out, F7 (Flyball, 7LD)
Top of the 4th over - 6 run(s), 2 hit(s), 1 error(s), 0 left on base; Alabama 7 - West Virginia 0
BOTTOM OF THE 4TH
West Virginia Mountaineers batting - Pitching for Alabama Crimson Tide : RHP Kip Coleman
Batting: RHB Drew Logan 0-0: Called Strike
0-1: Foul Ball, location: 2F
0-2: Strikes out swinging
Batting: RHB Paul Rainford 0-0: Ball
1-0: Foul Ball, location: 2F
1-1: Foul Ball, location: 2F
1-2: Foul Ball, location: 2F
1-2: Ball
2-2: Strikes out looking
Batting: SHB Jonathan Woodard 0-0: Ball
1-0: Swinging Strike
1-1: Ball
2-1: Foul Ball, location: 2F
2-2: Ball
3-2: Foul Ball, location: 2F
3-2: Base on Balls
Batting: RHB Elvis Bingham 0-0: Called Strike
0-1: Foul Ball, location: 2F
0-2: Ball
1-2: SINGLE (Groundball, 56S)
Jonathan Woodard to second
Batting: RHB Gary Stephenson 0-0: Ball
1-0: SINGLE (Flyball, 8LS)
Jonathan Woodard to third
Elvis Bingham to second
Runner from 3rd tries for Home, throw and OUT!
Bottom of the 4th over - 0 run(s), 2 hit(s), 0 error(s), 2 left on base; Alabama 7 - West Virginia 0
TOP OF THE 5TH
Alabama Crimson Tide batting - Pitching for West Virginia Mountaineers : RHP Luther Causey
Batting: RHB Stephen Nava 0-0: Ball
1-0: Ball
2-0: Called Strike
2-1: Ball
3-1: Base on Balls
Batting: RHB Curt Marks 0-0: Swinging Strike
0-1: Ball
1-1: Foul Ball, location: 2F
1-2: Strikes out looking
Batting: LHB Clayton Bailey 0-0: Ball
1-0: Ball
2-0: Ball
3-0: Base on Balls
Stephen Nava to second
Batting: RHB Paco González 0-0: Foul Ball, location: 2F
0-1: Ball
1-1: Called Strike
1-2: Ball
2-2: Ball
3-2: Fielders Choice at 3rd, U5 (Groundball, 5L)
Clayton Bailey to second
Batting: SHB Jorge Dávila 0-0: Ball
1-0: Ball
2-0: Ball
3-0: Called Strike
3-1: Base on Balls
Clayton Bailey to third
Paco González to second
Batting: LHB Jorge Cuero 0-0: Fly out, F3 (Popup, 23)
Top of the 5th over - 0 run(s), 0 hit(s), 0 error(s), 3 left on base; Alabama 7 - West Virginia 0
BOTTOM OF THE 5TH
West Virginia Mountaineers batting - Pitching for Alabama Crimson Tide : RHP Kip Coleman
Batting: LHB Wilson Ramos 0-0: Ball
1-0: Fly out, F7 (Flyball, 8LM)
Batting: RHB José Vázquez 0-0: Ball
1-0: Called Strike
1-1: Swinging Strike
1-2: Ball
2-2: Strikes out swinging
Batting: RHB Luis Costa 0-0: Foul Ball, location: 2F
0-1: Ground out 5-3 (Groundball, 56)
Bottom of the 5th over - 0 run(s), 0 hit(s), 0 error(s), 0 left on base; Alabama 7 - West Virginia 0
TOP OF THE 6TH
Alabama Crimson Tide batting - Pitching for West Virginia Mountaineers : RHP Luther Causey
Batting: LHB Davey Davis 0-0: SINGLE (Groundball, 34)
Batting: RHB Bob Johnson 0-0: SINGLE (Flyball, 9S)
Davey Davis to second
Runner from 2nd tries for 3rd, SAFE, throw made to third
Batting: LHB Fred Abrams 0-0: Foul Ball, location: 2F
0-1: Ball
1-1: Grounds into double play, 4-6-3 (Groundball, 4)
Davey Davis scores
Batting: RHB Stephen Nava 0-0: SINGLE (Line Drive, 8LS)
Batting: RHB Curt Marks 0-0: Swinging Strike
0-1: Ball
1-1: Ball
2-1: Swinging Strike
2-2: Foul Ball, location: 2F
2-2: Strikes out swinging
Top of the 6th over - 1 run(s), 3 hit(s), 0 error(s), 1 left on base; Alabama 8 - West Virginia 0
BOTTOM OF THE 6TH
West Virginia Mountaineers batting - Pitching for Alabama Crimson Tide : RHP Kip Coleman
Pitching: LHP John Jorgensen
Batting: RHB Howard Gould 0-0: Bunt for hit - play at first, batter OUT! 2-3
Batting: RHB Drew Logan 0-0: Called Strike
0-1: Ball
1-1: Foul Ball, location: 2F
1-2: SINGLE (Groundball, 6D)
Batting: RHB Paul Rainford 0-0: Swinging Strike
0-1: Ball
1-1: Swinging Strike
1-2: Ball
2-2: Strikes out swinging
Batting: SHB Jonathan Woodard 0-0: Ball
1-0: Ball
2-0: Ball
3-0: Base on Balls
Drew Logan to second
Batting: RHB Elvis Bingham Error on foul ball, E2
0-1: Fly out, F8 (Flyball, 8LXD)
Bottom of the 6th over - 0 run(s), 1 hit(s), 1 error(s), 2 left on base; Alabama 8 - West Virginia 0
TOP OF THE 7TH
Alabama Crimson Tide batting - Pitching for West Virginia Mountaineers : RHP Luther Causey
Pitching: RHP Gene Swanson
Batting: LHB Clayton Bailey 0-0: Called Strike
0-1: Swinging Strike
0-2: Strikes out swinging
Batting: RHB Paco González 0-0: Called Strike
0-1: Foul Ball, location: 2F
0-2: Ball
1-2: SINGLE (Groundball, 4D)
Batting: SHB Jorge Dávila 0-0: Called Strike
0-1: Ball
1-1: Swinging Strike
1-2: Strikes out swinging
Batting: LHB Jorge Cuero 0-0: Ground out 1-3 (Groundball, 13S)
Top of the 7th over - 0 run(s), 1 hit(s), 0 error(s), 1 left on base; Alabama 8 - West Virginia 0
BOTTOM OF THE 7TH
West Virginia Mountaineers batting - Pitching for Alabama Crimson Tide : LHP John Jorgensen
Batting: RHB Gary Stephenson 0-0: Called Strike
0-1: Called Strike
0-2: Strikes out swinging
Batting: LHB Wilson Ramos 0-0: Called Strike
0-1: Ball
1-1: Foul Ball, location: 2F
1-2: Strikes out swinging
Batting: RHB José Vázquez 0-0: Ground out 6-3 (Groundball, 6)
Bottom of the 7th over - 0 run(s), 0 hit(s), 0 error(s), 0 left on base; Alabama 8 - West Virginia 0
TOP OF THE 8TH
Alabama Crimson Tide batting - Pitching for West Virginia Mountaineers : RHP Gene Swanson
Batting: LHB Davey Davis 0-0: Ball
1-0: Ball
2-0: Called Strike
2-1: Foul Ball, location: 2F
2-2: Ground out U3 (Groundball, 3)
Batting: RHB Bob Johnson 0-0: Called Strike
0-1: Ground out 1-3 (Groundball, 13S)
Batting: LHB Fred Abrams 0-0: Ball
1-0: Foul Ball, location: 2F
1-1: Foul Ball, location: 2F
1-2: Foul Ball, location: 2F
1-2: Foul Ball, location: 2F
1-2: Ball
2-2: Ball
3-2: Strikes out swinging
Top of the 8th over - 0 run(s), 0 hit(s), 0 error(s), 0 left on base; Alabama 8 - West Virginia 0
BOTTOM OF THE 8TH
West Virginia Mountaineers batting - Pitching for Alabama Crimson Tide : LHP John Jorgensen
Pitching: RHP Don Kirk
Batting: RHB Luis Costa 0-0: Ball
1-0: Ground out 5-3 (Groundball, 56)
Batting: RHB Howard Gould 0-0: Ball
1-0: Ball
2-0: Ball
3-0: Base on Balls
Batting: RHB Drew Logan 0-0: DOUBLE (Groundball, 5L)
Howard Gould to third
Runner from 3rd tries for Home, SAFE, throw made at trailing runner, SAFE at third!
Batting: RHB Paul Rainford 0-0: SINGLE (Groundball, 56D)
Drew Logan scores
Batting: SHB Jonathan Woodard 0-0: Fielders Choice at 2nd, 4-6 (Groundball, 34)
Batting: RHB Elvis Bingham 0-0: Called Strike
0-1: Called Strike
0-2: Strikes out swinging
Bottom of the 8th over - 2 run(s), 2 hit(s), 0 error(s), 1 left on base; Alabama 8 - West Virginia 2
TOP OF THE 9TH
Alabama Crimson Tide batting - Pitching for West Virginia Mountaineers : RHP Gene Swanson
Batting: RHB Stephen Nava 0-0: Swinging Strike
0-1: Foul Ball, location: 2F
0-2: Ball
1-2: Ball
2-2: SINGLE (Groundball, 5D)
Batting: RHB Curt Marks 0-0: Ball
1-0: Bunt missed!
1-1: Bunt missed!
1-2: Ball
2-2: Strikes out swinging
Batting: LHB Clayton Bailey 0-0: Ball
1-0: Ball
2-0: Ball
3-0: Base on Balls
Stephen Nava to second
Batting: RHB Paco González 0-0: Called Strike
0-1: SINGLE (Line Drive, 78S)
Stephen Nava to third
Clayton Bailey to second
Runner from 3rd tries for Home, throw and OUT!
Batting: SHB Jorge Dávila 0-0: Called Strike
0-1: Swinging Strike
0-2: Ball
1-2: Strikes out looking
Top of the 9th over - 0 run(s), 2 hit(s), 0 error(s), 2 left on base; Alabama 8 - West Virginia 2
BOTTOM OF THE 9TH
West Virginia Mountaineers batting - Pitching for Alabama Crimson Tide : RHP Don Kirk
Now in LF: Greg Grant
Batting: RHB Gary Stephenson 0-0: Ball
1-0: Ball
2-0: Foul Ball, location: 2F
2-1: Reached on error, E4 (Groundball, 34)
Batting: LHB Wilson Ramos 0-0: Foul Ball, location: 2F
0-1: Swinging Strike
0-2: Foul Ball, location: 2F
0-2: Ball
1-2: Grounds into double play, 4-6-3 (Groundball, 4)
Batting: RHB José Vázquez 0-0: Ball
1-0: Ball
2-0: Foul Ball, location: 2F
2-1: Ball
3-1: Foul Ball, location: 2F
3-2: Strikes out swinging
Bottom of the 9th over - 0 run(s), 0 hit(s), 1 error(s), 0 left on base; Alabama 8 - West Virginia 2
This league is powered by Out of the Park Baseball, the baseball management simulation game for PC, Mac and Linux
Tuesday, August 2nd, 2016 - OOTP Baseball 16.8 Build 38